 Dungeon Crawl Stone Soup version 0.31-a0-277-g31ea1f65cc (webtiles) character file.

Game seed: 1561975453177334275

377 mdonais the Trooper (level 6, -5/46 HPs)
             Began as an Octopode Shapeshifter on July 15, 2023.
             Killed by divine providence
             ... invoked by an orc priest
              (11 damage)
             ... on level 4 of the Dungeon.
             The game lasted 00:08:46 (3040 turns).

mdonais the Trooper (Octopode Shapeshifter)         Turns: 3040, Time: 00:08:47

Health: -5/46      AC:  1    Str: 15    XL:     6   Next: 73%
Magic:  6/6        EV: 13    Int: 10    God:
Gold:   197        SH:  0    Dex: 14    Spells: 5/5 levels left

rFire   + . .        a - +2 dagger (venom)
rCold   + . .        (no shield)
rNeg    . . .        (helmet currently unavailable)
rPois   +            (no amulet)
rElec   +            (no ring)
rCorr   +            (no ring)
SInv    .            (no ring)
Will    .....        (no ring)
Stlth   ++++         (no ring)
HPRegen 0.27/turn    (no ring)
MPRegen 0.10/turn    (no ring)
                     (no ring)

%: no passive effects
@: beast-form, resistant
A: beast (slay +2), almost no armour, amphibious, 8 rings, camouflage 1,
gelatinous body 1, (nimble swimmer 1), tentacles
a: Begin Untransformation


You were on level 4 of the Dungeon.
You were a hulking beast.
You visited 1 branch of the dungeon, and saw 4 of its levels.

You collected 197 gold pieces.

Inventory:

Hand Weapons
 a - a +2 dagger of venom (weapon)
   (You took it off a goblin on level 1 of the Dungeon)
Missiles
 u - 3 silver boomerangs
 Z - a throwing net {=!f}
Magical Staves
 k - a staff of poison
   (You found it on level 2 of the Dungeon)
 n - a staff of fire
   (You found it on level 3 of the Dungeon)
Talismans
 b - a beast talisman
 f - a maw talisman
   (You found it on level 2 of the Dungeon)
Wands
 p - a wand of mindburst (12)
   (You found it on level 4 of the Dungeon)
Scrolls
 g - a scroll of fear {unknown}
 i - 2 scrolls of identify {unknown}
 j - 2 scrolls of enchant armour
 l - a scroll of blinking {unknown}
 o - a scroll of poison {unknown}
Potions
 d - a potion of resistance
 e - a potion of mutation {unknown}
 h - a potion of heal wounds {unknown}
 m - a potion of berserk rage {unknown}
 q - a potion of enlightenment {unknown}
 Q - a potion of curing


   Skills:
 - Level 6.0 Fighting
 + Level 2.7 Dodging
 - Level 4.0 Stealth
 - Level 2.0 Unarmed Combat
 - Level 3.0 Shapeshifting


You had 5 spell levels left.
You didn't know any spells.
Your spell library was empty.

Dungeon Overview and Level Annotations

Branches:
Dungeon (4/15) Zot: 20961
 Temple: D:4-7

Altars:
Qazlal

Annotations:
D:4 2 runed translucent doors, Dowan; Ijyb; Sigmund; Starbright's ghost, amateur FoVM


Innate Abilities, Weirdness & Mutations

You are a hulking beast.
Your limbs bulge with bestial killing power. (Slay +2)
You cannot wear most types of armour.
You are amphibious.
You can wear up to eight rings at the same time.
Your skin changes colour to match your surroundings (Stealth+).
Your rubbery body absorbs attacks. (AC +1, EV +1)
((You are camouflaged when in or above water. (Stealth+)))
You have tentacles for arms and can constrict up to eight enemies at once.


Message History

You kill the jackal!
Found a scroll labelled ZUURORHAOTA.
The scorpion stings you.
You are poisoned.
The scorpion poisons you!
You see here a jackal corpse.
You take 6 damage, and have 39/46 hp.
You hit the scorpion.
The scorpion is poisoned.
You grab the scorpion.
The scorpion is lightly wounded.
You constrict the scorpion.
You feel very sick. The scorpion barely misses you.
You take 3 damage, and have 36/46 hp.
You hit the scorpion.
The scorpion is severely wounded.
You constrict the scorpion, but do no damage.
You feel sick. The scorpion stings you. The scorpion barely misses you.
You take 6 damage, and have 30/46 hp.
You hit the scorpion.
You kill the scorpion!
You feel sick.
Training target 6.0 for Fighting reached!
Your Fighting skill increases to level 6!
You need to enable at least one skill for training.
You take 1 damage, and have 29/46 hp.
You hit the jackal but do no damage. Your grab misses the jackal.
You squeeze the jackal.
You kill the jackal!
You feel sick.
You take 1 damage, and have 28/46 hp.
You feel sick.
You feel sick.
You feel sick.
You feel sick.
You are no longer poisoned.
An endoplasm comes into view.
You regained 4 hp, and now have 32/46 hp.
You see here a jackal corpse.
Health restored: 46
Found 2 stones.
You see here a jackal corpse.
The endoplasm quivers.
The endoplasm hits you.
You take 2 damage, and have 44/46 hp.
You barely miss the endoplasm. The endoplasm hits you.
You take 1 damage, and have 43/46 hp.
You hit the endoplasm.
The endoplasm is poisoned.
Your squeeze misses the endoplasm.
The endoplasm is heavily wounded.
The endoplasm freezes you.
You are frozen.
You take 3 damage, and have 40/46 hp.
You hit the endoplasm.
You kill the endoplasm!
No target in view!
You now have 177 gold pieces (gained 10).
A worm comes into view.
Health restored: 46 A worm is nearby!
You barely miss the worm. You grab the worm. You constrict the worm.
You hit the worm.
The worm is poisoned.
You squeeze the worm!
You kill the worm!
No target in view!
No target in view!
Things that are here:
a worm corpse; a jackal corpse
i - 2 scrolls labelled ZUURORHAOTA (gained 1) Ijyb the Twisted Goblin comes into view.
She is wielding a +0 dagger, wearing a +2 ring mail of poison resistance and carrying a wand of light.
Things that are here:
a worm corpse; a jackal corpse You open the door.
There is an open door here.
Found an escape hatch in the floor.
Found a stone staircase leading down.
You now have 197 gold pieces (gained 20).
Found a large runed translucent door.
Found a falchion.
p - a wand of mindburst (12) Starbright's ghost turns its malevolent gaze towards you.
q - a smoky dark potion A worm comes into view.
A worm is nearby!
You hit the worm.
The worm is poisoned.
Your grab misses the worm. You squeeze the worm!
The worm is severely wounded.
You hit the worm.
The worm looks as sick as possible!
You grab the worm.
The worm is almost dead.
You constrict the worm.
You kill the worm!
No target in view!
Found a leather armour.
You see here a +0 leather armour.
An orc comes into view. It is wielding a +0 hand axe.
The helpless orc fails to defend itself.
You puncture the orc!
You kill the orc!
No target in view!
No target in view!
No target in view!
No target in view!
An orc priest and 2 orcs come into view.
An orc is wielding a +3 flail of protection.
An orc priest comes into view. It is wielding a +0 hand axe.
The orc priest shouts! x2; The orc shouts! x2
The orc priest looks satisfied for a moment.
An orc priest comes into view. It is wielding a +0 short sword.
The orc barely misses you.
The orc priest shouts!
You hit the orc but do no damage. You grab the orc.
You tentacle-slap the orc, but do no damage.
You constrict the orc.
The orc hits you with a +3 flail of protection!
The orc priest casts a cantrip, but nothing happens.
You barely miss the orc.
The orc is moderately wounded.
You constrict the orc, but do no damage.
The orc hits you with a +3 flail of protection.
You hit the orc but do no damage.
The orc is poisoned.
The orc is moderately wounded.
You constrict the orc, but do no damage.
The orc hits you with a +3 flail of protection.
You take 16 damage, and have 30/46 hp.
MASSIVE DAMAGE!!
You completely miss the orc. You squeeze the orc.
You kill the orc!
You barely miss the orc. You grab the orc. You squeeze the orc.
The orc is moderately wounded.
You constrict the orc. The orc hits you with a +0 club.
The orc priest invokes the aid of Beogh against you.
Beogh smites you!
* * * LOW HITPOINT WARNING * * *
You are too injured to fight recklessly!
You take 18 damage, and have 12/46 hp.
MASSIVE DAMAGE!!
Unknown command.
It was a potion of curing.
You feel better.
Q - a potion of curing You constrict the orc.
You kill the orc!
The orc priest looks encouraged for a moment.
You regained 8 hp, and now have 20/46 hp.
It was a potion of resistance.
You feel protected.
The orc priest mumbles some strange prayers to Beogh against you.
Beogh smites you!
* * * LOW HITPOINT WARNING * * *
The orc priest misses you.
You take 14 damage, and have 6/46 hp.
MASSIVE DAMAGE!!
You hit the orc priest but do no damage.
Your grab misses the orc priest.
The orc priest casts a cantrip, but nothing happens.
The orc priest invokes the aid of Beogh against you.
Beogh smites you!
You die...

#.#####.#######
######....##.#
#.........##.#
#.##########.#
#.# #.# #.# #.#
#.# #.#
#.#########
#..ho.oo...
#.######### ###


You could see 3 orc priests.

Vanquished Creatures
  Duvessa (D:4)
  A scorpion (D:4)
  A hound (D:4)
  3 gnolls (D:2)
  6 adders
  6 worms
  7 orcs
  4 ball pythons
  7 endoplasms
  2 giant cockroaches
  8 hobgoblins
  8 jackals
  2 quokkas
  4 bats
  4 frilled lizards (D:1)
  7 goblins
  7 kobolds
  5 rats
83 creatures vanquished.

Notes
Turn   | Place    | Note
-------+----------+-------------------------------------------
     0 | D:1      | mdonais the Octopode Shapeshifter began the quest for the
                  | Orb.
     0 | D:1      | Reached XP level 1. HP: 14/14 MP: 1/1
    46 | D:1      | Reached skill level 1 in Stealth
    54 | D:1      | HP: 1/21 [poisoned by a goblin]
   216 | D:1      | Reached XP level 2. HP: 16/19 MP: 2/2
   414 | D:1      | Reached XP level 3. HP: 20/24 MP: 3/3
  1013 | D:2      | Reached skill level 3 in Fighting
  1013 | D:2      | Reached XP level 4. HP: 22/31 MP: 4/4
  1996 | D:3      | Reached skill level 4 in Fighting
  1999 | D:3      | Reached XP level 5. HP: 37/37 MP: 5/5
  2029 | D:3      | Found a stormy altar of Qazlal.
  2540 | D:4      | Noticed Duvessa
  2542 | D:4      | Noticed Dowan
  2545 | D:4      | Killed Duvessa
  2546 | D:4      | Reached skill level 5 in Fighting
  2546 | D:4      | Reached XP level 6. HP: 30/45 MP: 6/6
  2621 | D:4      | Noticed Sigmund
  2795 | D:4      | Reached skill level 6 in Fighting
  2933 | D:4      | Noticed Ijyb
  2958 | D:4      | Found a large runed translucent door.
  2959 | D:4      | Found a large runed translucent door.
  2961 | D:4      | Noticed Starbright's ghost (amateur FoVM)
  3040 | D:4      | Killed from afar by an orc priest

Illustrated notes

Levels and vault maps discovered:
D:1:      amcnicky_arrival_feature_with_door, layout_rooms,
          minmay_misc_feat_secret_circle
D:2:      layout_basic
D:3:      layout_basic, mainiacjoe_overflow_tiny_flanked,
          small_statue_intersection
D:4:      layout_basic, zin_scriptorium, ebering_ghost_disaster_area,
          uniq_edmund, uniq_sigmund, uniq_ijyb, uniq_duvessa

Skill      XL: |  1  2  3  4  5  6 |
---------------+-------------------+-----
Stealth        | 2 3 4 |  4.0
Fighting       | 3 4 5 6 |  6.0
Dodging        | |  2.7
Unarmed Combat | |  2.0
Shapeshifting  | |  3.0

Action                     |  1- 3 |  4- 6 || total
---------------------------+-------+-------++-------
  Melee: Unarmed           |    51 |       ||    51
         Constrict         |    18 |    25 ||    43
         Tentacles         |    10 |    17 ||    27
         Punch             |     1 |     2 ||     3
         Dagger            |    20 |    87 ||   107
    Use: Potion            |     1 |     2 ||     3
         Scroll            |     1 |       ||     1
   Stab: Sleeping          |     1 |    15 ||    16
 Armour: Skin              |     6 |     4 ||    10
  Dodge: Dodged            |    33 |    26 ||    59

Table legend: (Time is in decaauts)
 A = Elapsed time spent in this place.
 B = Non-inter-level travel time spent in this place.
 C = Inter-level travel time spent in this place.
 D = Time resting spent in this place.
 E = Time spent auto-exploring this place.
 F = Levels seen in this place.
 G = Mean time per level.
                   A        B        C        D        E       F      G
               +--------+--------+--------+--------+--------+-----+--------+
         Total |   3037 |   2899 |    138 |    102 |   2053 |   4 |  759.2 |
       Dungeon |   3037 |   2899 |    138 |    102 |   2053 |   4 |  759.2 |
               +--------+--------+--------+--------+--------+-----+--------+

Top non-repeatable levels by time:
     D:2: 949 daAuts
     D:3: 859 daAuts
     D:1: 740 daAuts
     D:4: 488 daAuts
